[Event "*** Titled Tuesday Blitz"]
[Site "Chess.com"]
[Date "2020.04.28"]
[Round "4"]
[White "Gromes7"]
[Black "LogoCzar"]
[Result "1-0"]
[WhiteElo "2093"]
[BlackElo "2366"]
[TimeControl "180+1"]
[EndTime "10:37:24 PDT"]
[Termination "Gromes7 won by checkmate"]

1. d4 d5 2. g3 c5 3. Bg2 cxd4 4. Nf3 f6 5. O-O e5 6. c3 dxc3 7. Nxc3 Be6 8. Nd2 Nc6 9. Nb3 d4 10. Ne4 Bd5 11. e3 dxe3 12. Bxe3 Be6 13. Qe2 Nge7 14.
Nec5 Bd5 15. Rfd1 b6 16. Ne6 Qd7 17. Nxf8 Kxf8 18. Rd2 Qe6 19. Rad1 Bxg2 20. Kxg2 Kf7 21. Rd6 Qf5 22. Qc4+ Kg6 23. g4 Qc8 24. h4 Nd4 25.
h5# 1-0

[Event "*** Titled Tuesday Blitz"]
[Site "Chess.com"]
[Date "2020.04.28"]
[Round "4"]
[White "1977Ivan"]
[Black "WhiteCapital80"]
[Result "1-0"]
[WhiteElo "2639"]
[BlackElo "2416"]
[TimeControl "180+1"]
[EndTime "10:37:27 PDT"]
[Termination "1977Ivan won by checkmate"]

1. e4 e6 2. d4 d5 3. Nc3 Nf6 4.
Bd3 dxe4 5. Nxe4 Nbd7 6. Qe2 c5 7. Nxf6+ Nxf6 8. dxc5 Bxc5 9. Bd2 Bd7 10. O-O-O Qb6 11. Nf3 Nd5 12. Ne5 Bc6 13. Qg4 g6 14. Rhe1 Bxf2 15.
Nxf7 Kxf7 16. Qxe6+ Kg7 17. Qe5+ Kf7 18. Bh6 Rhg8 19.
Qe6# 1-0

[Event "*** Titled Tuesday Blitz"]
[Site "Chess.com"]
[Date "2020.04.28"]
[Round "4"]
[White "AtabayevSaparmyrat"]
[Black "Oglob71"]
[Result "1/2-1/2"]
[WhiteElo "2669"]
[BlackElo "2486"]
[TimeControl "180+1"]
[EndTime "10:37:32 PDT"]
[Termination "Game drawn by repetition"]

1. e4 c5 2. Nf3 e6 3. d4 cxd4 4.
Nxd4 a6 5. Nc3 Qc7 6. Be2 Nf6 7. O-O Bb4 8. Qd3 Nc6 9. Nxc6 dxc6 10. Bg5 e5 11.
Rad1 Be6 12. Bxf6 gxf6 13. a3 Bc5 14. Kh1 Rd8 15. Qf3 Ke7 16. b4 Bd4 17. Nb1 h5 18. Qg3 h4 19. Qf3 h3 20. g3 Rhg8 21. Qh5 Rh8 22. Qf3 Rhg8 23. Qh5 Rh8 24. Qf3 1/2-1/2

[Event "*** Titled Tuesday Blitz"]
[Site "Chess.com"]
[Date "2020.04.28"]
[Round "4"]
[White "FrogMist"]
[Black "Carnivoras"]
[Result "0-1"]
[WhiteElo "2412"]
[BlackElo "2640"]
[TimeControl "180+1"]
[EndTime "10:37:34 PDT"]
[Termination "Carnivoras won by resignation"]

1. e4 e5 2. Nf3 d6 3. d4 exd4 4.
Nxd4 Nf6 5. Nc3 Be7 6. Bf4 O-O 7.
Be2 Nc6 8. h3 Bd7 9. Qd2 a6 10.
O-O-O b5 11. Nxc6 Bxc6 12. Bf3 b4 13. Nd5 Bxd5 14. exd5 a5 15. Rhe1 Nd7 16. Kb1 Bf6 17. Bg4 Nc5 18. Re2 Na4 19. Rde1 Bxb2 20. Re7 Bc3 21.
Qe2 Bxe1 22. Qxe1 Nc3+ 23. Ka1 Nxd5 0-1

[Event "*** Titled Tuesday Blitz"]
[Site "Chess.com"]
[Date "2020.04.28"]
[Round "4"]
[White "Nikolaj_6"]
[Black "SmirnovAlexandrA"]
[Result "1-0"]
[WhiteElo "2609"]
[BlackElo "2350"]
[TimeControl "180+1"]
[EndTime "10:37:34 PDT"]
[Termination "Nikolaj_6 won by checkmate"]

1. e4 c5 2. Nf3 d6 3. d4 cxd4 4. Nxd4 Nf6 5. Nc3 a6 6. Bg5 e6 7. f4 Be7 8. Qf3 h6 9. Bh4 Qc7 10. O-O-O Nbd7 11. Be2 b5 12. Bxf6 gxf6 13. Qh5 Nb6 14.
f5 e5 15. Ne6 Bxe6 16. fxe6 Bf8 17. exf7+ Qxf7 18. Qh3 h5 19. Kb1 h4 20. Rhf1 Qe7 21.
Bg4 Kd8 22. Qe3 Kc7 23. a4 b4 24. a5 bxc3 25. Qxb6# 1-0

[Event "*** Titled Tuesday Blitz"]
[Site "Chess.com"]
[Date "2020.04.28"]
[Round "4"]
[White "Popopuiyt"]
[Black "AustrianFalcon"]
[Result "0-1"]
[WhiteElo "2344"]
[BlackElo "2571"]
[TimeControl "180+1"]
[EndTime "10:37:34 PDT"]
[Termination "AustrianFalcon won by resignation"]

1. d4 g6 2. c4 Bg7 3. e4 d6 4. Nc3 e5 5. Nge2 Nd7 6. Be3 Ne7 7. h4 f5 8. f3 O-O 9. Qd2 Nf6 10. O-O-O f4 11. Bf2 Nh5 12. dxe5 Bxe5 13. c5 Be6 14. Nd4 Bf7 15. cxd6 Qxd6 16. Kb1 Rad8 17. Qc2 Qc5 18. Nb3 Rxd1+ 19. Qxd1 0-1

[Event "*** Titled Tuesday Blitz"]
[Site "Chess.com"]
[Date "2020.04.28"]
[Round "4"]
[White "fugadelafuga"]
[Black "FMOlexandrProhorov"]
[Result "1-0"]
[WhiteElo "2395"]
[BlackElo "2066"]
[TimeControl "180+1"]
[EndTime "10:37:34 PDT"]
[Termination "fugadelafuga won by resignation"]

1. e4 c5 2. Nf3 e6 3. d4 cxd4 4. Nxd4 Qb6 5. Nc3 Bc5 6. Na4 Qa5+ 7. c3 Bxd4 8. Qxd4 Nf6 9. Nc5 Nc6 10. Qe3 O-O 11.
Be2 d5 12. O-O Qc7 13. f4 b6 14. e5 Nd7 15. Nxd7 Bxd7 16. b3 Na5 17. Ba3 Rfe8 18. Rac1 Rac8 19. Ba6 Rcd8 20. Bd3 Bc8 21. Qh3 g6 22.
Rf3 d4 23. Qh6 f5 24. exf6 Qf7 25. Rg3 Qxf6 26. Bxg6 Re7 27. Bxh7+ 1-0

[Event "*** Titled Tuesday Blitz"]
[Site "Chess.com"]
[Date "2020.04.28"]
[Round "4"]
[White "Mischuk_D"]
[Black "IljaJoke"]
[Result "0-1"]
[WhiteElo "2652"]
[BlackElo "2486"]
[TimeControl "180+1"]
[EndTime "10:37:40 PDT"]
[Termination "IljaJoke won by resignation"]

1. e4 e5 2. Nf3 Nc6 3. Nc3 Nf6 4.
d3 d5 5. exd5 Nxd5 6. Be2 Bc5 7.
O-O O-O 8. Bd2 a6 9. Re1 Re8 10. Nxd5 Qxd5 11. Bf1 Bg4 12. c3 Rad8 13. Be3 Bxe3 14.
fxe3 e4 15. dxe4 Qxe4 16. Qe2 Ne5 17. Ng5 Qf5 18. Nf3 Bxf3 19. gxf3 Rd2 20. f4 Rxe2 21. Rxe2 Nc4 22. Rae1 h5 23. Bg2 Nd6 24. Rd1 Qg4 25.
Rde1 h4 26. h3 Qg3 27. Rf1 Ne4 28. Rf3 Qg6 29. f5 Qg5 30. Rf4 Ng3 31. Re1 Qxf4 32. exf4 Rxe1+ 33. Kf2 Rb1 0-1

[Event "*** Titled Tuesday Blitz"]
[Site "Chess.com"]
[Date "2020.04.28"]
[Round "4"]
[White "BikingBrian"]
[Black "kingofthenil"]
[Result "1-0"]
[WhiteElo "2330"]
[BlackElo "2456"]
[TimeControl "180+1"]
[EndTime "10:37:41 PDT"]
[Termination "BikingBrian won by checkmate"]

1. d4 Nf6 2. Bg5 d5 3. Nd2 c5 4. Bxf6 gxf6 5. dxc5 e5 6. e4 Bxc5 7. exd5 Qxd5 8. Ngf3 Nc6 9. Bc4 Qd8 10. Qe2 Be6 11. Rd1 Qe7 12. Ne4 f5 13. Nxc5 Qxc5 14. Bxe6 fxe6 15. Ng5 Ke7 16. Qh5 Raf8 17. Qh6 Nd8 18.
Rxd8 Qb4+ 19. Rd2 Rhg8 20. Qxe6# 1-0

[Event "*** Titled Tuesday Blitz"]
[Site "Chess.com"]
[Date "2020.04.28"]
[Round "4"]
[White "mishanick"]
[Black "GMSrinath"]
[Result "1-0"]
[WhiteElo "3030"]
[BlackElo "2742"]
[TimeControl "180+1"]
[EndTime "10:37:49 PDT"]
[Termination "mishanick won by resignation"]

1. d4 Nf6 2. c4 e6 3. Nf3 d5 4.
Nc3 Bb4 5. Bg5 h6 6. Bxf6 Qxf6 7. Qb3 c5 8. cxd5 exd5 9. e3 Nc6 10. Bb5 O-O 11. dxc5 d4 12. Bxc6 dxc3 13. Qxb4 cxb2 14. Rb1 bxc6 15. O-O Ba6 16. Rfe1 Rab8 17. Qa3 Bc4 18. Nd4 Qg5 19. Rxb2 Rxb2 20. Qxb2 Qxc5 21. Qc3 Qd5 22. e4 Qc5 23. Rc1 Rd8 24. Nf5 f6 25. Ne3 1-0

[Event "*** Titled Tuesday Blitz"]
[Site "Chess.com"]
[Date "2020.04.28"]
[Round "4"]
[White "adiosabu"]
[Black "mohssenbinaddi"]
[Result "1-0"]
[WhiteElo "2414"]
[BlackElo "2141"]
[TimeControl "180+1"]
[EndTime "10:37:50 PDT"]
[Termination "adiosabu won by resignation"]

1. e4 c6 2. d4 d5 3. Nc3 dxe4 4. Nxe4 Bf5 5. Ng3 Bg6 6. h4 h6 7. N1e2 e6 8. Nf4 Bh7 9. Bc4 Nf6 10. Qe2 Nd5 11.
c3 Nxf4 12. Bxf4 Bd6 13. Be5 Bxe5 14. Qxe5 O-O 15. Nh5 f6 16. Qxe6+ Kh8 17. O-O-O b5 18. Bb3 a5 19. Rhe1 a4 20. Bc2 Bxc2 21. Kxc2 a3 22. Nf4 axb2 23. Ng6+ Kh7 24. Nxf8+ Qxf8 25. Qe4+ Kh8 26.
Qe8 Nd7 27. Qxd7 1-0

[Event "*** Titled Tuesday Blitz"]
[Site "Chess.com"]
[Date "2020.04.28"]
[Round "4"]
[White "pedromartinez91"]
[Black "jacky72"]
[Result "0-1"]
[WhiteElo "2422"]
[BlackElo "2711"]
[TimeControl "180+1"]
[EndTime "10:37:52 PDT"]
[Termination "jacky72 won by resignation"]

1. e4 e5 2. Nf3 Nc6 3. Bb5 a6 4. Ba4 d6 5. O-O Bd7 6. c3 g6 7. d3 Bg7 8. Nbd2 Nf6 9. Re1 O-O 10. Nf1 Re8 11. Ng3 d5 12. Bg5 dxe4 13. Nxe4 b5 14.
Bb3 Bg4 15. h3 Bf5 16. a4 Na5 17. Bc2 Bxe4 18. Rxe4 h6 19. Bxf6 Qxf6 20. d4 exd4 21. Rxe8+ Rxe8 22. axb5 Nc4 23. bxa6 Nxb2 24. Qb1 dxc3 25. a7 Ra8 26. Be4 c6 27. Qd3 Nxd3 0-1

[Event "*** Titled Tuesday Blitz"]
[Site "Chess.com"]
[Date "2020.04.28"]
[Round "4"]
[White "Koksik_13"]
[Black "OhanyanEminChess"]
[Result "1-0"]
[WhiteElo "2705"]
[BlackElo "2488"]
[TimeControl "180+1"]
[EndTime "10:37:54 PDT"]
[Termination "Koksik_13 won by resignation"]

1. d4 Nf6 2. Bf4 c5 3. e3 e6 4.
Nf3 b6 5. c3 Bb7 6. Nbd2 Be7 7.
Bd3 O-O 8. h3 d5 9. O-O Nbd7 10.
Ne5 Ne4 11. Nxe4 dxe4 12. Nxd7 Qxd7 13. Bc2 Rfd8 14. Qg4 f5 15. Qg3 Bf6 16. Rad1 Qe7 17. Bb3 Bd5 18. c4 Bb7 19. Be5 Bh4 20. Qh2 Bf6 21.
Rd2 Rd7 22. Rfd1 Rad8 23. Ba4 Rd6 24. Bxd6 Rxd6 25. dxc5 Rxd2 26. Rxd2 Qxc5 27. Qb8+ Bc8 28. Bd7 1-0

[Event "*** Titled Tuesday Blitz"]
[Site "Chess.com"]
[Date "2020.04.28"]
[Round "4"]
[White "inegrepus"]
[Black "GM_LOADING"]
[Result "0-1"]
[WhiteElo "2272"]
[BlackElo "2600"]
[TimeControl "180+1"]
[EndTime "10:37:55 PDT"]
[Termination "GM_LOADING won by resignation"]

1. d4 Nf6 2. c4 e6 3. g3 Bb4+ 4. Nd2 O-O 5. Bg2 d6 6. Nf3 Nbd7 7. O-O e5 8. Nb3 exd4 9. Qxd4 a5 10. a3 Bc5 11. Nxc5 Nxc5 12. Bg5 Nb3 13. Bxf6 gxf6 14. Qh4 Nxa1 15. Rxa1 a4 16. Nd4 c6 17. Be4 f5 18.
Qxd8 Rxd8 19. Nxf5 Bxf5 20. Bxf5 Re8 21. e3 Rad8 22. Rc1 d5 23. cxd5 Rxd5 24. g4 Red8 25. Rc4 Rd2 26. Rxa4 Rxb2 27. Rf4 Ra2 28. a4 Ra8 0-1

[Event "*** Titled Tuesday Blitz"]
[Site "Chess.com"]
[Date "2020.04.28"]
[Round "4"]
[White "semchik73"]
[Black "BasilSmash"]
[Result "0-1"]
[WhiteElo "2228"]
[BlackElo "2435"]
[TimeControl "180+1"]
[EndTime "10:37:56 PDT"]
[Termination "BasilSmash won by resignation"]

1. Nf3 d5 2. c4 e6 3. d4 Nf6 4. Nc3 Be7 5. Bg5 Nbd7 6. e3 h6 7. Bh4 O-O 8. Bd3 c5 9. O-O b6 10. cxd5 Nxd5 11. Bxe7 Qxe7 12. e4 Nxc3 13. bxc3 Bb7 14.
Re1 Rac8 15. Rc1 cxd4 16. cxd4 Qa3 17. Qb3 Qxb3 18. axb3 Rfd8 19. Bb5 Nf6 20. e5 Nd5 21. Nd2 Nc3 22. Nc4 Nxb5 23. Rcd1 Rxd4 24. Rxd4 Nxd4 25. Nd6 Rc7 26. f3 Nxb3 27. Rb1 Bd5 28. f4 a5 29.
f5 a4 30. f6 Rc1+ 31. Rxc1 Nxc1 0-1

[Event "*** Titled Tuesday Blitz"]
[Site "Chess.com"]
[Date "2020.04.28"]
[Round "4"]
[White "Abund"]
[Black "gvanna"]
[Result "1-0"]
[WhiteElo "2667"]
[BlackElo "2470"]
[TimeControl "180+1"]
[EndTime "10:37:57 PDT"]
[Termination "Abund won by resignation"]

1. Nf3 c5 2. c4 Nf6 3. Nc3 Nc6 4.
g3 g6 5. Bg2 Bg7 6. d4 cxd4 7. Nxd4 Nxd4 8. Qxd4 O-O 9. O-O d6 10.
Qd3 a5 11. h3 a4 12. Nb5 Bf5 13. e4 Bd7 14. Be3 Bxb5 15. cxb5 Nd7 16. Rab1 Qa5 17.
Rfc1 Rac8 18. b4 axb3 19. Qxb3 Nc5 20. Qc4 b6 21. Rc2 Rc7 22. Rbc1 Rfc8 23. Qe2 Ra7 24.
Kh2 Qb4 25. Rc4 Qa3 26. R1c2 Ra5 27. Bc1 Qd3 28. Qxd3 1-0

[Event "*** Titled Tuesday Blitz"]
[Site "Chess.com"]
[Date "2020.04.28"]
[Round "4"]
[White "TheBigBoss04"]
[Black "almaguerjm"]
[Result "1-0"]
[WhiteElo "2726"]
[BlackElo "2359"]
[TimeControl "180+1"]
[EndTime "10:37:59 PDT"]
[Termination "TheBigBoss04 won by resignation"]

1. d4 Nf6 2. Nf3 g6 3. b3 Bg7 4. Bb2 O-O 5. e3 d5 6. Be2 h6 7. O-O Ne4 8. c4 e6 9. Nc3 f5 10. Ne5 c6 11. Nxg6 Rf7 12. Ne5 Bxe5 13. dxe5 Rg7 14.
Nxe4 fxe4 15. f4 exf3 16. Rxf3 Nd7 17. Qc2 h5 18. Raf1 h4 19. Rf6 b6 20. Rxe6 Bb7 21. Rg6 d4 22. Rxg7+ Kxg7 23. Bxd4 c5 24. e6+ cxd4 25.
Rf7+ 1-0

[Event "*** Titled Tuesday Blitz"]
[Site "Chess.com"]
[Date "2020.04.28"]
[Round "4"]
[White "FROGGY64"]
[Black "IsaacWiebe"]
[Result "1-0"]
[WhiteElo "2442"]
[BlackElo "2177"]
[TimeControl "180+1"]
[EndTime "10:37:59 PDT"]
[Termination "FROGGY64 won by resignation"]

1. d4 d5 2. c4 dxc4 3. Nf3 a6 4. a4 Nf6 5. e3 Bg4 6. Bxc4 e6 7. O-O Nc6 8. Nbd2 Bd6 9. b3 O-O 10. h3 Bh5 11.
Bb2 Qe8 12. Be2 e5 13. dxe5 Nxe5 14. Nd4 Bxe2 15. Qxe2 Qd7 16. Rac1 Rfe8 17. N2f3 Nxf3+ 18. Nxf3 Ne4 19. Rfd1 Rad8 20. Nd4 Nf6 21. Qf3 c6 22. Nf5 Nd5 23. Nxg7 1-0

[Event "*** Titled Tuesday Blitz"]
[Site "Chess.com"]
[Date "2020.04.28"]
[Round "4"]
[White "Alexa797"]
[Black "secretsuperstar7"]
[Result "1-0"]
[WhiteElo "2338"]
[BlackElo "2181"]
[TimeControl "180+1"]
[EndTime "10:38:00 PDT"]
[Termination "Alexa797 won by checkmate"]

1. d4 Nf6 2. c4 e6 3. Nc3 Bb4 4. g3 d5 5. Bg2 O-O 6. Nf3 dxc4 7.
O-O c5 8. e3 cxd4 9. exd4 Nc6 10. Bg5 Be7 11. Re1 Nd5 12. Bxe7 Ndxe7 13. Ne4 Nf5 14.
Rc1 Nfxd4 15. Nxd4 Nxd4 16. Rxc4 e5 17. Nc5 Re8 18.
Nxb7 Bxb7 19. Bxb7 Rb8 20. Bg2 Rxb2 21. Qa4 h6 22.
Rxd4 Qb6 23. Qxe8+ Kh7 24. Be4+ g6 25. Qxf7+ Kh8 26.
Qe8+ Kh7 27. Rd7# 1-0

[Event "*** Titled Tuesday Blitz"]
[Site "Chess.com"]
[Date "2020.04.28"]
[Round "4"]
[White "Playgood28"]
[Black "NZT72"]
[Result "1/2-1/2"]
[WhiteElo "2230"]
[BlackElo "2396"]
[TimeControl "180+1"]
[EndTime "10:38:01 PDT"]
[Termination "Game drawn by agreement"]

1. d4 Nf6 2. c4 e6 3. Nc3 Bb4 4. Qc2 d5 5. e3 O-O 6. a3 Bxc3+ 7. Qxc3 b6 8. Nf3 Bb7 9. b4 dxc4 10. Bxc4 Nbd7 11. Bb2 c5 12. O-O cxd4 13. Qxd4 Rc8 14. Rac1 Qe7 15. Rfd1 Rfd8 16. Qh4 Nf8 17. Ne5 Ng6 18.
Nxg6 hxg6 19. Bb3 Rxc1 20. Rxc1 1/2-1/2

[Event "*** Titled Tuesday Blitz"]
[Site "Chess.com"]
[Date "2020.04.28"]
[Round "4"]
[White "lolo9292"]
[Black "AndrewMaco"]
[Result "1-0"]
[WhiteElo "2478"]
[BlackElo "2640"]
[TimeControl "180+1"]
[EndTime "10:38:02 PDT"]
[Termination "lolo9292 won on time"]

1. d4 Nf6 2. c4 e6 3. Nc3 Bb4 4. Nf3 O-O 5. Bg5 c5 6. Rc1 cxd4 7. Nxd4 h6 8. Bh4 d5 9. cxd5 exd5 10. e3 Nc6 11. Be2 g5 12. Bg3 Ne4 13. O-O Bxc3 14. bxc3 Qe7 15. c4 dxc4 16. Nxc6 bxc6 17. Rxc4 c5 18. Rxe4 Qxe4 19. Bf3 Qe8 20. Bxa8 Ba6 21. Bd5 Bxf1 22. Qb1 Kh8 23. Qa1+ f6 24. Qxf1 Qa4 25. e4 Rc8 26. h4 c4 27. hxg5 hxg5 28. Qe2 Kg7 29.
e5 c3 30. exf6+ Kh6 31. Bf7 1-0

[Event "*** Titled Tuesday Blitz"]
[Site "Chess.com"]
[Date "2020.04.28"]
[Round "4"]
[White "JozefKneht"]
[Black "chessuriel"]
[Result "1-0"]
[WhiteElo "2426"]
[BlackElo "2211"]
[TimeControl "180+1"]
[EndTime "10:38:02 PDT"]
[Termination "JozefKneht won by resignation"]

1. e4 c5 2. Nf3 e6 3. d4 cxd4 4. Nxd4 Nc6 5. Nc3 Qc7 6. Be2 Nf6 7. O-O a6 8. Kh1 Bb4 9. Nxc6 bxc6 10. f4 Bxc3 11.
bxc3 Nxe4 12. Qd4 Nf6 13. Ba3 d5 14. c4 Bb7 15. Rab1 Rd8 16. Bc5 Nd7 17. Qxg7 Nxc5 18. Qxh8+ Ke7 19. Qd4 Ne4 20. c5 Rg8 21. Bf3 Nf6 22.
Rfe1 Bc8 23. c4 Rg6 24. h3 Qd8 25. f5 Rg5 26. fxe6 Bxe6 27. Rb7+ Kf8 28. Qf4 Rf5 29.
Qh6+ Kg8 30. Rxe6 1-0

[Event "*** Titled Tuesday Blitz"]
[Site "Chess.com"]
[Date "2020.04.28"]
[Round "4"]
[White "ehrenfeld"]
[Black "Vincent_Vega95"]
[Result "1-0"]
[WhiteElo "2504"]
[BlackElo "2681"]
[TimeControl "180+1"]
[EndTime "10:38:10 PDT"]
[Termination "ehrenfeld won by resignation"]

1. e4 c5 2. d3 d6 3. f4 g6 4. Nf3 Bg7 5. Be2 Nc6 6. O-O e5 7. c3 Nge7 8. Na3 O-O 9. Qe1 f5 10. Qh4 h6 11. fxe5 fxe4 12. dxe4 Rxf3 13. gxf3 g5 14.
Qg3 Nxe5 15. f4 gxf4 16. Bxf4 N7g6 17. Nc4 Kh7 18. Rad1 Nxc4 19. Bxc4 1-0

[Event "*** Titled Tuesday Blitz"]
[Site "Chess.com"]
[Date "2020.04.28"]
[Round "4"]
[White "XiaoKangZhong"]
[Black "monstertube"]
[Result "1-0"]
[WhiteElo "2360"]
[BlackElo "2140"]
[TimeControl "180+1"]
[EndTime "10:38:12 PDT"]
[Termination "XiaoKangZhong won by resignation"]

1. e4 e5 2. Nf3 Nf6 3. Nxe5 d6 4. Nf3 Nxe4 5. Nc3 Nxc3 6. dxc3 Be7 7. Bd3 Nd7 8. Be3 Nc5 9. Bxc5 dxc5 10. O-O Bg4 11. h3 Bh5 12. Qe2 O-O 13. Rfe1 Bd6 14. Qe4 Bg6 15. Qxb7 Rb8 16. Qxa7 Rxb2 17. Qa3 Rb8 18.
Qc1 Ra8 19. c4 Qd7 20. Qe3 Ra3 21. Ne5 Bxe5 22. Qxe5 Bxd3 23. cxd3 Rxd3 24. Qxc5 Rd2 25. Re7 Qa4 26. Rxc7 Rxa2 27. Rxa2 Qxa2 28. Rc8 1-0

[Event "*** Titled Tuesday Blitz"]
[Site "Chess.com"]
[Date "2020.04.28"]
[Round "4"]
[White "Zhuu96"]
[Black "Vuk2000"]
[Result "1-0"]
[WhiteElo "2962"]
[BlackElo "2651"]
[TimeControl "180+1"]
[EndTime "10:38:14 PDT"]
[Termination "Zhuu96 won by resignation"]

1. d4 e6 2. c4 Nf6 3. Nf3 b6 4. g3 Ba6 5. Qc2 Bb7 6. Bg2 c5 7. d5 exd5 8. Nh4 Nc6 9. cxd5 Nb4 10. Qd1 Bxd5 11. Bxd5 Nbxd5 12. e4 Ne7 13. e5 Nfd5 14. Nd2 Ng6 15. Nc4 Nxh4 16. gxh4 Nb4 17. Bg5 Qc7 18. Qe2 Qc6 19. O-O-O Nxa2+ 20. Kb1 Nb4 21. Nd6+ Bxd6 22.
exd6+ Kf8 23. Rhg1 h6 24. Be7+ Kg8 25. Rxg7+ 1-0

[Event "*** Titled Tuesday Blitz"]
[Site "Chess.com"]
[Date "2020.04.28"]
[Round "4"]
[White "Firegrizzly"]
[Black "Sandstad"]
[Result "1-0"]
[WhiteElo "2649"]
[BlackElo "2400"]
[TimeControl "180+1"]
[EndTime "10:38:14 PDT"]
[Termination "Firegrizzly won by resignation"]

1. d4 Nf6 2. Nf3 e6 3. Bg5 c5 4. c3 Nc6 5. e3 Be7 6. Nbd2 d5 7. Bd3 h6 8. Bh4 b6 9. Qe2 Bb7 10. O-O O-O 11. Rad1 Re8 12. Rfe1 Rc8 13. Bb1 Qc7 14.
dxc5 bxc5 15. e4 d4 16. Bxf6 Bxf6 17. e5 Be7 18. Qe4 g6 19. Qg4 Bf8 20. Ne4 Bg7 21.
Nf6+ Bxf6 22. exf6 Kh7 23. h4 Rg8 24. h5 e5 25. cxd4 cxd4 26. Rc1 Qd6 27. hxg6+ fxg6 28.
Qh4 Qf8 29. f7 Rh8 30. Ng5+ Kg7 31. Ne6+ 1-0

[Event "*** Titled Tuesday Blitz"]
[Site "Chess.com"]
[Date "2020.04.28"]
[Round "4"]
[White "A-Fier"]
[Black "JulAnt"]
[Result "1-0"]
[WhiteElo "2801"]
[BlackElo "2522"]
[TimeControl "180+1"]
[EndTime "10:38:17 PDT"]
[Termination "A-Fier won by resignation"]

1. e4 c5 2. Nf3 e6 3. d4 cxd4 4.
Nxd4 Nf6 5. Nc3 d6 6. g4 h6 7. h4 Nc6 8. Rg1 d5 9. exd5 Nxd5 10. Nxd5 exd5 11. Be3 Qxh4 12. Qf3 Nxd4 13. Bxd4 Qe7+ 14. Be2 Qe4 15. O-O-O Qxf3 16. Bxf3 Be6 17. Rge1 O-O-O 18. Bxa7 Bd6 19. Bd4 Rhg8 20. Kb1 Bf4 21. Rd3 Rd7 22. Ra3 Kb8 23. Rd1 Rc8 24. Ba7+ Ka8 25. Bd4+ Kb8 26.
Bxg7 Rc4 27. Bd4 Rdc7 28. c3 Rd7 29. Be2 Rcc7 30. f3 f5 31. Ra4 Bg5 32. Ba7+ Kc8 33.
Bb6 Rd6 34. Bxc7 Kxc7 35. Bd3 fxg4 36. fxg4 Bxg4 37. Rxg4 1-0

[Event "*** Titled Tuesday Blitz"]
[Site "Chess.com"]
[Date "2020.04.28"]
[Round "4"]
[White "manuellarrea"]
[Black "Vamostodorecto"]
[Result "0-1"]
[WhiteElo "2179"]
[BlackElo "2478"]
[TimeControl "180+1"]
[EndTime "10:38:18 PDT"]
[Termination "Vamostodorecto won by resignation"]

1. e4 e5 2. Nf3 Nc6 3. Bc4 Bc5 4. c3 d6 5. d4 exd4 6. cxd4 Bb6 7.
h3 Nf6 8. Nc3 O-O 9. O-O Nxe4 10. Nxe4 d5 11. Bg5 Qd7 12. Ne5 Nxe5 13. dxe5 dxc4 14.
Qe2 Qf5 15. Qxc4 Be6 16. Qc2 Qxe5 17. Rae1 Qf5 18. Be7 Rfe8 19. Bc5 Bd5 20. Bxb6 Bxe4 21. Rxe4 Qxe4 22. Qxe4 Rxe4 23. Bxc7 Rc8 0-1

[Event "*** Titled Tuesday Blitz"]
[Site "Chess.com"]
[Date "2020.04.28"]
[Round "4"]
[White "ManuDavid2910"]
[Black "Kotofeyca"]
[Result "1-0"]
[WhiteElo "2640"]
[BlackElo "2410"]
[TimeControl "180+1"]
[EndTime "10:38:19 PDT"]
[Termination "ManuDavid2910 won on time"]

1. e4 c5 2. Nf3 d6 3. c3 Nf6 4.
Bc4 Nc6 5. d3 Bg4 6. Qb3 Na5 7.
Bxf7+ Kd7 8. Qa4+ Kc8 9. Ng5 Bd7 10. Qa3 e5 11. Bd5 Be8 12. Ne6 Qb6 13. Be3 Nc6 14. Nd2 Qa5 15. Qb3 Nxd5 16. exd5 Nd8 17. Nc4 Qa6 18.
O-O Bd7 19. Ng5 h6 20. Ne4 Nf7 21. a4 Rb8 22. d4 exd4 23. cxd4 cxd4 24. Bxd4 Kd8 25. Rfe1 Be7 26. Qf3 Ng5 27. Nxg5 hxg5 28. b3 1-0

[Event "*** Titled Tuesday Blitz"]
[Site "Chess.com"]
[Date "2020.04.28"]
[Round "4"]
[White "olomi007"]
[Black "Zufi1811"]
[Result "1/2-1/2"]
[WhiteElo "2655"]
[BlackElo "2489"]
[TimeControl "180+1"]
[EndTime "10:38:20 PDT"]
[Termination "Game drawn by repetition"]

1. e4 c5 2. Nf3 d6 3. d4 cxd4 4.
Nxd4 Nf6 5. Nc3 a6 6. Be3 e5 7. Nb3 Be6 8. f3 h5 9. Qd2 Nbd7 10. Nd5 Bxd5 11. exd5 g6 12. O-O-O Bg7 13. Kb1 O-O 14.
Bg5 Qc7 15. h4 Rfc8 16. g4 a5 17. a4 Nb6 18. Bb5 hxg4 19. fxg4 Ne4 20. Qg2 Nxg5 21.
hxg5 Qe7 22. Rdf1 e4 23. Qh2 Qe5 24. Qh7+ Kf8 25. c3 Rxc3 26. Qxg6 Rc1+ 27. Kxc1 Qxb2+ 28. Kd1 Qxb3+ 29. Ke1 Qc3+ 30. Kd1 Qb3+ 31. Ke1 Qc3+ 32. Kd1 Qb3+ 1/2-1/2

[Event "*** Titled Tuesday Blitz"]
[Site "Chess.com"]
[Date "2020.04.28"]
[Round "4"]
[White "INLOVEWITHF"]
[Black "okriak"]
[Result "0-1"]
[WhiteElo "2531"]
[BlackElo "2837"]
[TimeControl "180+1"]
[EndTime "10:38:27 PDT"]
[Termination "okriak won by resignation"]

1. d4 d5 2. c4 e6 3. Nf3 c6 4.
e3 Nf6 5. Bd3 dxc4 6. Bxc4 b5 7.
Bd3 Bb7 8. a4 a6 9. O-O Nbd7 10.
Nbd2 Be7 11. b3 Nd5 12. Bb2 b4 13. Qc2 c5 14. Ne4 Rc8 15. dxc5 Nxc5 16. Nxc5 Rxc5 17. Qe2 a5 18. Rac1 O-O 19. Rxc5 Bxc5 20. Rc1 Be7 21. Ne5 Bf6 22. Be4 Nc3 23. Bxc3 Bxe4 24. Bb2 Qd5 25. Qc4 Bxg2 26. Qxd5 Bxd5 27. Rc5 Ra8 28. Bd4 Bxb3 29. Nc6 Bxd4 30. exd4 Bxa4 31. Nxa5 Rb8 32. Nc4 Bb3 33. Nb2 Bd5 34. Kf1 b3 35. Ke2 g5 36. Kd2 Kg7 37. Kc3 Kf6 38. Nd3 h5 39. Ne5 b2 40.
Nd7+ Kg7 0-1

[Event "*** Titled Tuesday Blitz"]
[Site "Chess.com"]
[Date "2020.04.28"]
[Round "4"]
[White "EvilMorty23"]
[Black "GHANDEEVAM2003"]
[Result "0-1"]
[WhiteElo "2535"]
[BlackElo "2847"]
[TimeControl "180+1"]
[EndTime "10:38:28 PDT"]
[Termination "GHANDEEVAM2003 won by resignation"]

1. e4 e6 2. d4 d5 3. Nd2 Nf6 4. e5 Ne4 5. Bd3 Nxd2 6. Qxd2 c5 7. c3 Nc6 8. Bb5 Qb6 9. Bxc6+ bxc6 10. Nf3 Ba6 11.
dxc5 Bxc5 12. b4 Be7 13. Qd4 c5 14. Qg4 cxb4 15. Be3 Qb5 16. Nd4 Qd3 17. Rc1 O-O 18. h4 Rfc8 19. Rh3 Qf1+ 20. Kd2 bxc3+ 21. Rxc3 Rxc3 22.
Kxc3 Rc8+ 23. Kb2 Rb8+ 24. Nb3 Bd3 25. Bc1 Qxf2+ 26. Ka1 Qc2 27. Rxd3 Qxd3 28. Qa4 Qc4 29. Qxa7 Rxb3 30. axb3 Qxc1+ 31. Ka2 Qc2+ 32. Ka1 Bf8 33. Qb8 d4 34. b4 d3 35. Qc8 Qxc8 0-1

[Event "*** Titled Tuesday Blitz"]
[Site "Chess.com"]
[Date "2020.04.28"]
[Round "4"]
[White "HanSchut"]
[Black "MergenKakabaev"]
[Result "0-1"]
[WhiteElo "2236"]
[BlackElo "2438"]
[TimeControl "180+1"]
[EndTime "10:38:29 PDT"]
[Termination "MergenKakabaev won on time"]

1. e4 e5 2. Nf3 Nc6 3. Bc4 Nf6 4. d4 exd4 5. e5 d5 6. Bb5 Ne4 7. Nxd4 Bd7 8. Bxc6 bxc6 9. O-O Be7 10. f3 Nc5 11. Be3 O-O 12. Nd2 a5 13. c3 Rb8 14. N2b3 Ne6 15. Nxa5 Nxd4 16. cxd4 Rxb2 17. Nb3 Bf5 18. Rc1 Rxa2 19. Rxc6 Qd7 20. Qc1 Ba3 21. Qc3 Rb8 22. Rxc7 Qb5 23. Nc5 Qe2 24. Bf2 h5 25. h4 Bxc5 26.
Qxc5 Bd3 27. Qc1 Rb1 28. Qxb1 Bxb1 0-1